 Dungeon Crawl Stone Soup version 0.26.1-11-gd32895ea62 (webtiles) character file.

Game seed: 12730128453795021553

36468 dtburroughs the Cleaver (level 13, -2/119 HPs)
             Began as a Minotaur Berserker on July 9, 2021.
             Was a Priest of Trog.
             Slain by an eight-headed hydra (6 damage)
             ... on level 4 of the Lair of Beasts.
             The game lasted 00:44:27 (22566 turns).

dtburroughs the Cleaver (Minotaur Berserker)       Turns: 22566, Time: 00:44:28

Health: -2/119     AC: 13    Str: 23    XL:     13   Next: 53%
Magic:  12/12      EV: 15    Int:  4    God:    Trog [***...]
Gold:   1235       SH: 18    Dex: 13    Spells: 12/12 levels left

rFire    + . .     SeeInvis +   a - +4 flail (vorpal)
rCold    + . .     Faith    .   P - +2 kite shield
rNeg     . . .     Spirit   .   B - +0 scale mail of the Ninety-Nine Seers {rElec Dex+3}
rPois    +         Reflect  +   D - -1 hat of Anaesthesia {rPois rCorr Int-4 SInv}
rElec    +         Harm     .   M - scarf {rC+ rF+}
rCorr    +         Rampage  .   (no gloves)
Will     +++..                  t - +0 pair of boots
Stlth    ..........             x - amulet of reflection
HPRegen  1.29/turn              T - ring of willpower
MPRegen  0.13/turn              d - +4 ring of protection

@: about to teleport, regenerating
A: retaliatory headbutt, horns 2
a: Renounce Religion, Berserk, Trog's Hand


You were on level 4 of the Lair of Beasts.
You worshipped Trog.
Trog was most pleased with you.
You visited 2 branches of the dungeon, and saw 15 of its levels.
You also visited: Bailey.

You collected 1235 gold pieces.

Inventory:

Hand Weapons
 a - a +4 vorpal flail (weapon)
 O - a +1 battleaxe
 R - a +0 broad axe
Armour
 t - a +0 pair of boots (worn)
 B - the +0 scale mail of the Ninety-Nine Seers (worn) {rElec Dex+3}
   (You found it on level 4 of the Dungeon)

   It affects your dexterity (+3).
   It insulates you from electricity.
 D - the -1 hat of Anaesthesia (worn) {rPois rCorr Int-4 SInv}
   (You found it on level 7 of the Dungeon)

   It affects your intelligence (-4).
   It protects you from poison.
   It lets you see invisible.
   It provides partial protection from all sources of acid and corrosion.
 M - a scarf of resistance (worn)
 P - a +2 kite shield (worn)
Jewellery
 d - a +4 ring of protection (right hand)
 s - an uncursed ring of ice
 x - an amulet of reflection (around neck)
 y - an uncursed ring of willpower
 T - a ring of willpower (left hand)
Wands
 i - a wand of enslavement (17)
 r - a wand of digging (6)
 w - a wand of disintegration (17)
 F - a wand of flame (30)
 K - a wand of polymorph (12)
Scrolls
 b - a scroll of enchant armour
 e - 6 scrolls of magic mapping
 g - 5 scrolls of immolation
 k - 7 scrolls of identify
 l - a scroll of random uselessness {unknown}
 m - 9 scrolls of remove curse
 n - 4 scrolls of enchant weapon
 u - 4 scrolls of teleportation
 z - 4 scrolls of fog
 L - 2 scrolls of summoning {unknown}
 S - a scroll of blinking
Potions
 c - 5 potions of curing
 f - a potion of resistance {unknown}
 h - 2 potions of haste {unknown}
 j - 4 potions of degeneration {unknown}
 o - a potion of invisibility {unknown}
 p - 3 potions of magic {unknown}
 q - 2 potions of experience {unknown}
 v - 5 potions of flight
 C - 8 potions of mutation
 Q - a potion of might {unknown}


   Skills:
 + Level 12.5 Fighting
 + Level 12.5 Axes
 + Level 12.2 Armour
 + Level 11.4 Dodging
 + Level 8.4 Shields
 + Level 8.7 Evocations


You had 12 spell levels left.
You didn't know any spells.
Your spell library was empty.

Dungeon Overview and Level Annotations

Branches:
Dungeon (10/15)            Temple (0/1) D:4            Lair (5/6) D:9
 Shoals (0/4) Lair:2       Spider (0/4) Lair:2          Orc (0/2) D:9
 Bailey (visited)
  Slime: Lair:5-6

Altars:
Cheibriados
Dithmenos
Gozag
Makhleb
Okawaru
Ru
Uskayaw
Wu Jian
Zin
Jiyva

Shops:
D:4 !=   D:5 (   D:7 (

Annotations:
D:5 2 runed translucent doors, JBAR's ghost, amateur DrFi
D:9 3 runed translucent doors, Ekaitz's ghost, novice DEWz


Innate Abilities, Weirdness & Mutations

You reflexively headbutt those who attack you in melee.
You have a pair of horns on your head.


Message History

The eight-headed hydra bites you.
* * * LOW HITPOINT WARNING * * *
The eight-headed hydra bites you.
* * * LOW HITPOINT WARNING * * *
The eight-headed hydra bites you but does no damage.
You block the eight-headed hydra's attack.
The eight-headed hydra bites you!
* * * LOW HITPOINT WARNING * * *
The eight-headed hydra bites you but does no damage.
You feel better.
You block the eight-headed hydra's attack.
The eight-headed hydra bites you but does no damage.
You block the eight-headed hydra's attack.
The eight-headed hydra misses you.
You block the eight-headed hydra's attack.
The eight-headed hydra bites you!
* * * LOW HITPOINT WARNING * * *
The eight-headed hydra bites you but does no damage.
The eight-headed hydra bites you.
You die...

###### ####### ###
##...P###...#.###.###
##............wD@....#
§....#.##.#....#.##..#
§........##..##.#....#####.
..t.D#...#...#.............
..l..w..l....#...##..##.##.
############....####.##
#.......#..# #..#P...#.## ≈
#.#####.#..##


You could see an eight-headed hydra and a swamp worm.

Vanquished Creatures
  Gastronok (Lair:2)
  An orc warlord (Bailey)
  Fannar (Lair:3)
  A boulder beetle (Lair:1)
  6 hydras
  An alligator (Lair:4)
  Sonja (Lair:3)
  An unseen horror (D:9)
  A swamp dragon (Lair:5)
  A harpy (D:8)
  An orc knight (Bailey)
  4 black mambas
  3 elephants (Lair:4)
  6 cane toads
  8 komodo dragons
  A troll (D:9)
  8 jumping spiders
  7 blink frogs
  6 redbacks (Lair:2)
  42 yaks
  Grum (D:7)
  3 wyverns
  5 humans (D:10)
  4 vampire mosquitoes
  3 swamp worms (Lair:4)
  Menkaure (D:5)
  14 water moccasins
  3 orc warriors
  3 sky beasts
  5 ogres
  An eye of draining (D:4)
  A phantom (D:8)
  A centaur (D:8)
  Blork the orc (D:5)
  A big kobold (D:10)
  16 bullfrogs
  4 gnoll sergeants (D:7)
  A water moccasin skeleton (D:8)
  4 scorpions
  14 killer bees
  7 wights
  3 electric eels (Lair:2)
  5 howler monkeys
  A bullfrog zombie (D:5)
  2 orc priests
  A centaur zombie (D:7)
  An iron imp (D:8)
  2 bullfrog skeletons
  13 hounds
  2 orc wizards
  A centaur skeleton (D:10)
  A gnoll shaman (D:7)
  Ijyb (D:5)
  4 iguanas
  4 worker ants
  2 hound skeletons
  14 gnolls
  9 adders
  A shadow imp (D:10)
  3 white imps
  An ooze (D:3)
  2 adder zombies
  6 worms
  2 dart slugs
  6 leopard geckos
  44 orcs
  4 giant cockroaches
  8 goblins
  8 hobgoblins
  11 jackals
  5 quokkas
  8 bats
  4 frilled lizards
  3 jackal skeletons
  26 kobolds
  12 rats
414 creatures vanquished.

Vanquished Creatures (collateral kills)
  A gnoll (Bailey)
1 creature vanquished.

Vanquished Creatures (others)
  39 fungi
  62 plants
101 creatures vanquished.

Grand Total: 516 creatures vanquished

Notes
Turn   | Place    | Note
-------+----------+-------------------------------------------
     0 | D:1      | dtburroughs the Minotaur Berserker began the quest for the
                  | Orb.
     0 | D:1      | Reached XP level 1. HP: 19/19 MP: 0/0
   466 | D:1      | Reached XP level 2. HP: 23/27 MP: 1/1
  1031 | D:2      | Found a shadowy altar of Dithmenos.
  1214 | D:2      | Found a faded altar of an unknown god.
  1229 | D:2      | Reached XP level 3. HP: 13/33 MP: 2/2
  1785 | D:2      | Reached ** piety under Trog
  2329 | D:2      | Reached XP level 4. HP: 28/41 MP: 3/3
  2562 | D:3      | Found a burning altar of Makhleb.
  3048 | D:3      | Reached XP level 5. HP: 47/47 MP: 4/4
  3811 | D:4      | Found Tyniejia's Jewellery Shoppe.
  3873 | D:4      | Found Egeloafu's Distillery.
  4057 | D:4      | Reached skill level 5 in Fighting
  4073 | D:4      | Reached skill level 5 in Axes
  4143 | D:4      | Reached XP level 6. HP: 41/56 MP: 5/5
  4149 | D:4      | Got a distressingly furry scale mail
  4274 | D:4      | Noticed a sky beast
  4282 | D:4      | Killed a sky beast
  4453 | D:4      | Reached skill level 5 in Armour
  4453 | D:4      | Reached XP level 7. HP: 51/62 MP: 6/6
  4863 | D:4      | Reached *** piety under Trog
  5081 | D:4      | Found a staircase to the Ecumenical Temple.
  5171 | D:5      | Entered Level 5 of the Dungeon
  5195 | D:5      | Identified the cursed +0 scale mail of the Ninety-Nine
                  | Seers {rElec Dex+3} (You found it on level 4 of the
                  | Dungeon)
  5413 | D:5      | Noticed Blork the orc
  5422 | D:5      | Killed Blork the orc
  5423 | D:5      | Reached skill level 5 in Dodging
  5423 | D:5      | Reached skill level 1 in Evocations
  5632 | D:5      | Noticed Ijyb
  5644 | D:5      | Killed Ijyb
  5669 | D:5      | Found a sacrificial altar of Ru.
  5704 | D:5      | Reached XP level 8. HP: 64/71 MP: 7/7
  5725 | D:5      | Noticed Menkaure
  5735 | D:5      | Killed Menkaure
  5944 | D:5      | Found Tyibuy's Antique Weapon Shoppe.
  6147 | D:5      | Found a large runed translucent door.
  6147 | D:5      | Noticed JBAR's ghost (amateur DrFi)
  6148 | D:5      | Found a large runed translucent door.
  6325 | D:6      | Found a glowing silver altar of Zin.
  7571 | D:7      | Found Foczamm's Weapon Shop.
  7748 | D:7      | Noticed a +0 hand axe
  7749 | D:7      | Noticed a +0 dagger
  8102 | D:7      | Reached XP level 9. HP: 76/79 MP: 8/8
  8129 | D:7      | Got a faintly glowing hat
  8135 | D:7      | Identified the -1 hat of Anaesthesia {rPois rCorr Int-4
                  | SInv} (You found it on level 7 of the Dungeon)
  8654 | D:7      | Reached **** piety under Trog
  9023 | D:7      | Found a hide-covered altar of Uskayaw.
  9073 | D:7      | Noticed Grum
  9082 | D:7      | Killed Grum
  9467 | D:8      | Noticed a harpy
  9477 | D:8      | Killed a harpy
  9748 | D:8      | Found an opulent altar of Gozag.
  9748 | D:8      | Found an iron altar of Okawaru.
  9749 | D:8      | Noticed a komodo dragon
  9784 | D:8      | Killed a komodo dragon
  9785 | D:8      | Reached XP level 10. HP: 36/90 MP: 9/9
  9957 | D:8      | Found an iron altar of Okawaru.
 10418 | D:8      | Reached skill level 5 in Evocations
 10802 | D:8      | Found a snail-covered altar of Cheibriados.
 11031 | D:9      | Found a staircase to the Orcish Mines.
 11034 | D:9      | Found a staircase to the Lair.
 11634 | D:9      | Found a runed translucent gate.
 11635 | D:9      | Found a runed translucent gate.
 11635 | D:9      | Found a runed translucent gate.
 11635 | D:9      | Noticed Ekaitz's ghost (novice DEWz)
 11638 | D:9      | Found a viscous altar of Jiyva.
 11717 | D:9      | Noticed an unseen horror
 11737 | D:9      | Killed an unseen horror
 12109 | D:10     | Entered Level 10 of the Dungeon
 12293 | D:10     | Reached skill level 1 in Shields
 12487 | D:10     | Found a flagged portal.
 12500 | Bailey   | Entered a bailey
 12537 | Bailey   | Noticed an orc warlord
 12757 | Bailey   | Found a runed translucent gate.
 12759 | Bailey   | Found a runed translucent gate.
 12761 | Bailey   | Found a runed translucent gate.
 12768 | Bailey   | Noticed an orc knight
 12801 | Bailey   | Killed an orc knight
 12802 | Bailey   | Reached skill level 10 in Fighting
 12802 | Bailey   | Reached skill level 10 in Axes
 12802 | Bailey   | Reached XP level 11. HP: 55/99 MP: 10/10
 12926 | Bailey   | Killed an orc warlord
 13712 | D:10     | Reached skill level 10 in Armour
 13925 | Lair:1   | Entered Level 1 of the Lair of Beasts
 13945 | Lair:1   | Found a hide-covered altar of Uskayaw.
 13945 | Lair:1   | Found an ornate altar of the Wu Jian Council.
 13945 | Lair:1   | Noticed a boulder beetle
 13999 | Lair:1   | Killed a boulder beetle
 14715 | Lair:1   | Noticed an eight-headed hydra
 14727 | Lair:1   | Killed an eight-headed hydra
 15609 | Lair:1   | Reached skill level 5 in Shields
 15849 | Lair:2   | Noticed a seven-headed hydra
 15868 | Lair:1   | Killed a seven-headed hydra
 16082 | Lair:2   | Reached XP level 12. HP: 110/110 MP: 11/11
 16104 | Lair:2   | Reached skill level 10 in Dodging
 17012 | Lair:2   | Noticed Gastronok
 17046 | Lair:2   | Killed Gastronok
 17376 | Lair:2   | Noticed a four-headed hydra
 17390 | Lair:2   | Killed a four-headed hydra
 17525 | Lair:2   | Found a hole to the Spider Nest.
 17562 | Lair:2   | HP: 2/110 [jumping spider (6)]
 18342 | Lair:2   | Found a staircase to the Shoals.
 19441 | Lair:3   | Noticed a catoblepas
 19885 | Lair:3   | Noticed Sonja
 19889 | Lair:3   | Killed Sonja
 20622 | Lair:3   | Noticed a five-headed hydra
 20635 | Lair:3   | Killed a five-headed hydra
 20679 | Lair:3   | Noticed Fannar
 20690 | Lair:3   | Killed Fannar
 20691 | Lair:3   | Reached XP level 13. HP: 98/118 MP: 12/12
 22566 | Lair:4   | HP: 4/119 [eight-headed hydra (13)]
 22566 | Lair:4   | Slain by an eight-headed hydra

Illustrated notes

Levels and vault maps discovered:
D:1:      tarquinn_simple_flora_water_c, layout_loops_corners,
          hangedman_decor_points, corexii_corridor_pit
D:2:      layout_basic, chequers_ecumenical_altar_twisty, grunt_dithmenos_smoke
D:3:      layout_basic, overflow_temple_1_default
D:4:      layout_loops_ring, minmay_temple_entry_fiery, serial_shops, shop,
          shop, minmay_divided_ellipse
D:5:      layout_loops_ring, nicolae_ru_awakened_eye, serial_shops,
          kennysheep_mini, ebering_ghost_disaster_area, fountainhead,
          uniq_blork_the_orc, uniq_menkaure, uniq_ijyb
D:6:      minmay_general_purpose_star, layout_layer_cave,
          nicolae_overflow_crystal_walls
D:7:      layout_cave_pools, dancing_weapons_uskayaw, serial_gnoll_camp,
          gnoll_camp_mini_hut, grums_kennel, gnoll_camp_mini_sergeant,
          gnoll_camp_mini_basic, gnoll_camp_mini_house, gnoll_camp_mini_house,
          serial_shops, shop_coins, kennysheep_potato
D:8:      layout_basic, lemuel_doored_altar, slow_altar_2, jmf_multi_god_temple
D:9:      cheibrodos_helix_gallery, layout_cave_pods, dpeg_oklobed_lair,
          gammafunk_ghost_ooze
D:10:     erik_cavepeople, layout_basic, enter_bailey_6
Lair:1:   layout_loops_ring, minivault_19, nzn_masters_of_martial_movement,
          grunt_megastairs_2, lemuel_fruit_fields
Lair:2:   layout_regular_city, shoals_dummy_entry,
          nicolae_spider_entry_tight_spaces, serial_bayou,
          serial_bayou_crossing, serial_bayou_lake_a, serial_bayou_pond_b,
          serial_bayou_shore_a, infiniplex_staircase_pool, uniq_gastronok
Lair:3:   layout_cave_shapes, grunt_megastairs_4, uniq_sonja, uniq_fannar
Lair:4:   onia_ninara_swampy_vault, layout_loops_ring, kennysheep_rathole
Lair:5:   layout_gridlike

Skill      XL: |  1  2  3  4  5  6  7  8  9 10 11 12 13 |
---------------+----------------------------------------+-----
Fighting       | 4 5 6 7 8 10 11 12 | 12.5
Axes           | 4 5 6 7 8 10 11 12 | 12.5
Armour         | 3 4 5 7 8 9 10 11 12 | 12.2
Dodging        | 3 4 5 6 7 8 9 11 | 11.4
Evocations     | 1 3 4 6 7 8 |  8.7
Shields        | 1 5 7 8 |  8.4

Action                   |  1- 3 |  4- 6 |  7- 9 | 10-12 | 13-15 || total
-------------------------+-------+-------+-------+-------+-------++-------
Melee: Hand axe          |    73 |    12 |       |       |       ||    85
       Headbutt          |    12 |    20 |    66 |   201 |    72 ||   371
       War axe           |       |   123 |   295 |   204 |       ||   622
       Flail             |       |       |       |    47 |    15 ||    62
       Broad axe         |       |       |       |   485 |   234 ||   719
Invok: Trog's Hand       |       |     4 |     7 |    22 |     7 ||    40
       Berserk           |       |       |     1 |     3 |       ||     4
       Brothers in Arms  |       |       |       |     2 |       ||     2
Evoke: Wand              |       |       |       |    14 |       ||    14
  Use: Scroll            |       |       |    11 |    11 |     3 ||    25
       Potion            |       |       |     4 |     2 |     5 ||    11
Armor: Animal skin       |    18 |     5 |       |       |       ||    23
       Ring mail         |       |    13 |     2 |       |       ||    15
       Scale mail        |       |       |    76 |   188 |    97 ||   361
Dodge: Dodged            |    51 |    69 |   221 |   369 |   133 ||   843
Block: Other             |       |       |    85 |    33 |       ||   118
       Kite shield       |       |       |       |   558 |   333 ||   891
       Reflection        |       |       |       |    36 |     5 ||    41
